 Dungeon Crawl Stone Soup version 0.32-a0-361-g289a535e89 (webtiles) character file.

Game seed: 15626183331366791549

594 RepHenryClay the Sneak (level 7, 0/51 HPs)
             Began as a Gnoll Enchanter on Feb 19, 2024.
             Was a Follower of Okawaru.
             Slain by an ufetubus (1 damage)
             ... on level 5 of the Dungeon.
             The game lasted 00:10:40 (4554 turns).

RepHenryClay the Sneak (Gnoll Enchanter)            Turns: 4554, Time: 00:10:41

Health: 0/51       AC:  6    Str: 12 (13) XL:     7   Next: 39%
Magic:  15/15      EV: 13    Int: 13 (15) God:    Okawaru [*.....]
Gold:   233        SH:  0    Dex: 12 (14) Spells: 17/17 levels left

rFire   + . .        a - +1 dagger
rCold   . . .        (no shield)
rNeg    . . .        b - +2 leather armour {rF+}
rPois   .            n - +0 helmet
rElec   .            (no cloak)
rCorr   .            (no gloves)
SInv    .            (no boots)
Will    +....        (no amulet)
Stlth   +++          d - +6 ring of strength
HPRegen 0.28/turn    u - ring of flight
MPRegen 0.14/turn

%: no passive effects
@: enlightened, flying, hasted, very quick
A: fangs 1, strong nose, distributed training
a: Renounce Religion, Heroism


You were on level 5 of the Dungeon.
You worshipped Okawaru.
Okawaru was aware of your devotion.
You visited 2 branches of the dungeon, and saw 6 of its levels.

You collected 233 gold pieces.

Inventory:

Hand Weapons
 a - a +1 dagger (weapon)
Armour
 b - a +2 leather armour of fire resistance (worn)
 n - a +0 helmet (worn)
Jewellery
 d - a +6 ring of strength (left hand)
 u - a ring of flight (right hand)
Wands
 o - a wand of paralysis (10)
 p - a wand of flame (45)
Scrolls
 e - 5 scrolls of identify {unknown}
 f - a scroll of fear {unknown}
 g - a scroll of amnesia {unknown}
 h - a scroll of silence {unknown}
 j - a scroll of fog {unknown}
 k - a scroll of revelation {unknown}
 l - a scroll of teleportation {unknown}
 m - a scroll of blinking {unknown}
 q - a scroll of immolation {unknown}
 w - a scroll of enchant weapon {unknown}
Potions
 c - 3 potions of invisibility
 i - a potion of cancellation


   Skills:
 + Level 2.5 Fighting
 + Level 3.7 Short Blades
 + Level 2.5 Long Blades
 + Level 2.5 Axes
 + Level 2.5 Maces & Flails
 + Level 2.5 Polearms
 + Level 2.5 Staves
 + Level 2.5 Ranged Weapons
 + Level 2.5 Throwing
 + Level 2.5 Armour
 + Level 5.3 Dodging
 + Level 6.5 Stealth
 + Level 2.5 Shields
 + Level 2.5 Unarmed Combat
 + Level 5.6 Spellcasting
 + Level 2.1 Conjurations
 + Level 5.8 Hexes
 + Level 2.1 Summonings
 + Level 2.1 Necromancy
 + Level 2.1 Translocations
 + Level 2.1 Fire Magic
 + Level 2.1 Ice Magic
 + Level 2.1 Air Magic
 + Level 2.1 Earth Magic
 + Level 2.1 Alchemy
 + Level 2.8 Invocations
 + Level 2.5 Evocations
 + Level 2.3 Shapeshifting


You had 17 spell levels left.
You didn't know any spells.
Your spell library contained the following spells:

 Spells                   Type           Power      Damage    Failure   Level
 Ensorcelled Hibernation  Hex/Ice        28%        N/A       6%          2
 Confusing Touch          Hex            19%        N/A       6%          3
 Dazzling Flash           Conj/Hex       28%        N/A       13%         3
 Tukima's Dance           Hex            Unusable   N/A       N/A         3
 Summon Small Mammal      Summ           Unusable   N/A       N/A         1
 Call Canine Familiar     Summ           Unusable   N/A       N/A         3
 Summon Blazeheart Golem  Fire/Summ      Unusable   N/A       N/A         4

Dungeon Overview and Level Annotations

Branches:
Dungeon (5/15)             Temple (1/1) D:4

Altars:
Ashenzari
Cheibriados
Dithmenos
Elyvilon
Fedhas
Gozag
Kikubaaqudgha
Makhleb
Okawaru
Qazlal
Ru
Sif Muna
Trog
Uskayaw
Vehumet
Wu Jian
Xom
Zin
The Shining One

Annotations:
D:4 2 exclusions, Grinder


Innate Abilities, Weirdness & Mutations

You have very sharp teeth.
Your uncanny sense of smell can sniff out nearby items.
Your experience applies equally to all skills.


Message History

There is a stone staircase leading up, spattered with blood here.
Huge Dmg: -8%(-4hp) hp: 18%(9hp) Welcome back, RepHenryClay the Gnoll Enchanter.
Okawaru says: Bring me glory in combat!
Press ? for a list of commands and other information.
It was a potion of degeneration.
There was something very wrong with that liquid.
You feel weakened.
You feel dopey.
You feel clumsy. The ufetubus barely misses you. The ufetubus hits you.
* * * LOW HITPOINT WARNING * * *
The ufetubus closely misses you. The ufetubus barely misses you.
The ufetubus hits you but does no damage. x3
The ufetubus barely misses you.
Huge Dmg: -6%(-3hp) hp: 12%(6hp) Welcome back, RepHenryClay the Gnoll Enchanter.
Okawaru says: Bring me glory in combat!
Press ? for a list of commands and other information.
It was a potion of enlightenment.
You feel more buoyant.
The ufetubus hits you but does no damage.
The ufetubus closely misses you.
The ufetubus hits you but does no damage.
The ufetubus barely misses you.
You hear some strange, mumbled words.
A magic dart appears from out of thin air!
Deactivating autopickup; reactivate with Ctrl-A.
The magic dart hits you.
* * * LOW HITPOINT WARNING * * *
Huge Dmg: -8%(-4hp) hp: 4%(2hp) Welcome back, RepHenryClay the Gnoll Enchanter.
Okawaru says: Bring me glory in combat!
Press ? for a list of commands and other information.
It was a potion of haste.
You feel yourself speed up.
An orc wizard appears from thin air!
The ufetubus closely misses you. The ufetubus hits you.
* * * LOW HITPOINT WARNING * * *
The ufetubus hits you.
* * * LOW HITPOINT WARNING * * *
The ufetubus barely misses you. The ufetubus hits you.
You die...

##..)...#.....## .#
##....).........###.#
#.................#.#
#.......).........#.#
#...................#
#...................##
#....................#
#.......55o.......#.....
##.......@>.....#.....##
##.....##[....#...#..#
#########.####...#
....## #.# #...# .#..#.
#.# ##### ...... #.. #..
... #. ### #. #.


You could see an orc wizard and 2 ufetubi.

Vanquished Creatures
  Sigmund (D:5)
  A black bear (D:5)
  2 orc priests
  A sleepcap (D:4)
  Jessica (D:3)
  An orc wizard (Temple)
  3 gnolls (Temple)
  3 adders
  A dart slug (D:3)
  8 orcs
  8 bats
  6 endoplasms
  7 giant cockroaches
  7 goblins
  5 hobgoblins
  2 jackals (D:1)
  3 quokkas
  2 ball pythons
  6 frilled lizards
  9 kobolds
  2 rats
79 creatures vanquished.

Notes
Turn   | Place    | Note
-------+----------+-------------------------------------------
     0 | D:1      | RepHenryClay the Gnoll Enchanter began the quest for the
                  | Orb.
     0 | D:1      | Reached XP level 1. HP: 13/13 MP: 6/6
    37 | D:1      | You fall into a shaft and drop 1 floor!
    96 | D:2      | Reached XP level 2. HP: 18/19 MP: 7/7
   105 | D:2      | Found a faded altar of an unknown god.
   326 | D:1      | Reached skill level 5 in Spellcasting
   326 | D:1      | Reached XP level 3. HP: 22/25 MP: 7/9
   370 | D:1      | Reached skill level 6 in Stealth
   401 | D:1      | Reached skill level 1 in Invocations
   670 | D:1      | Reached skill level 1 in Fighting
   670 | D:1      | Reached skill level 1 in Long Blades
   670 | D:1      | Reached skill level 1 in Axes
   670 | D:1      | Reached skill level 1 in Maces & Flails
   670 | D:1      | Reached skill level 1 in Polearms
   670 | D:1      | Reached skill level 1 in Staves
   670 | D:1      | Reached skill level 1 in Ranged Weapons
   670 | D:1      | Reached skill level 1 in Throwing
   670 | D:1      | Reached skill level 1 in Armour
   670 | D:1      | Reached skill level 1 in Shields
   670 | D:1      | Reached skill level 1 in Unarmed Combat
   670 | D:1      | Reached skill level 1 in Evocations
  1009 | D:1      | Reached skill level 1 in Shapeshifting
  1009 | D:1      | Reached XP level 4. HP: 32/32 MP: 11/11
  1369 | D:2      | Found a hide-covered altar of Uskayaw.
  1903 | D:2      | Reached skill level 1 in Conjurations
  1903 | D:2      | Reached skill level 1 in Summonings
  1903 | D:2      | Reached skill level 1 in Necromancy
  1903 | D:2      | Reached skill level 1 in Translocations
  1903 | D:2      | Reached skill level 1 in Fire Magic
  1903 | D:2      | Reached skill level 1 in Ice Magic
  1903 | D:2      | Reached skill level 1 in Air Magic
  1903 | D:2      | Reached skill level 1 in Earth Magic
  1903 | D:2      | Reached skill level 1 in Alchemy
  2264 | D:3      | Noticed Jessica
  2284 | D:3      | Killed Jessica
  2285 | D:3      | Reached XP level 5. HP: 25/37 MP: 12/12
  3111 | D:4      | Noticed Grinder
  3148 | D:4      | Found a staircase to the Ecumenical Temple.
  3186 | Temple   | Entered the Ecumenical Temple
  3304 | Temple   | Became a worshipper of Warmaster Okawaru
  3375 | Temple   | Reached XP level 6. HP: 36/44 MP: 13/13
  3634 | Temple   | Reached skill level 5 in Dodging
  4351 | D:5      | Entered Level 5 of the Dungeon
  4351 | D:5      | Noticed a black bear
  4351 | D:5      | Found a sacrificial altar of Ru.
  4351 | D:5      | Found a broken altar of Ashenzari.
  4423 | D:5      | Noticed Sigmund
  4424 | D:5      | Killed Sigmund
  4424 | D:5      | Reached * piety under Okawaru
  4425 | D:5      | Reached XP level 7. HP: 51/51 MP: 15/15
  4553 | D:5      | HP: 2/51 [something/magic dart (4)]
  4554 | D:5      | Slain by an ufetubus

Illustrated notes

Levels and vault maps discovered:
D:1:      dpeg_arrival_leaves_temple_mockup, layout_basic
D:2:      layout_rooms, basic_altar, shapermc_ecumenical_altar_mp_urbaneastern
D:3:      layout_basic, uniq_jessica
D:4:      layout_basic, minmay_temple_entry_glass, uniq_grinder
D:5:      layout_rooms, grunt_temple_overflow_open, uniq_pikel, uniq_sigmund,
          uniq_menkaure
Temple:   minmay_crystal_spiral_temple

Skill      XL: |  1  2  3  4  5  6  7 |
---------------+----------------------+-----
Spellcasting   | 5 |  5.6
Stealth        | 6 |  6.5
Invocations    | 1 2 |  2.8
Fighting       | 1 2 |  2.5
Long Blades    | 1 2 |  2.5
Axes           | 1 2 |  2.5
Maces & Flails | 1 2 |  2.5
Polearms       | 1 2 |  2.5
Staves         | 1 2 |  2.5
Ranged Weapons | 1 2 |  2.5
Throwing       | 1 2 |  2.5
Armour         | 1 2 |  2.5
Shields        | 1 2 |  2.5
Unarmed Combat | 1 2 |  2.5
Evocations     | 1 2 |  2.5
Shapeshifting  | 1 2 |  2.3
Conjurations   | 1 2 |  2.1
Summonings     | 1 2 |  2.1
Necromancy     | 1 2 |  2.1
Translocations | 1 2 |  2.1
Fire Magic     | 1 2 |  2.1
Ice Magic      | 1 2 |  2.1
Air Magic      | 1 2 |  2.1
Earth Magic    | 1 2 |  2.1
Alchemy        | 1 2 |  2.1
Short Blades   | 3 |  3.7
Dodging        | 5 |  5.3
Hexes          | |  5.8

Action                     |  1- 3 |  4- 6 |  7- 9 || total
---------------------------+-------+-------+-------++-------
  Melee: Dagger            |   112 |   281 |    16 ||   409
         Bite              |    10 |    32 |     2 ||    44
  Evoke: Wand              |       |     3 |     8 ||    11
    Use: Potion            |       |       |     4 ||     4
   Stab: Sleeping          |     8 |     8 |       ||    16
         Paralysed         |       |     2 |     1 ||     3
 Armour: Robe              |    56 |    66 |       ||   122
         Ring mail         |       |    58 |       ||    58
         Leather armour    |       |    13 |    54 ||    67
  Dodge: Dodged            |    68 |   136 |    51 ||   255

Table legend: (Time is in decaauts)
 A = Elapsed time spent in this place.
 B = Non-inter-level travel time spent in this place.
 C = Inter-level travel time spent in this place.
 D = Time resting spent in this place.
 E = Time spent auto-exploring this place.
 F = Levels seen in this place.
 G = Mean time per level.
                   A        B        C        D        E       F      G
               +--------+--------+--------+--------+--------+-----+--------+
         Total |   4507 |   4180 |    327 |    673 |   2505 |   6 |  751.2 |
       Dungeon |   4090 |   3870 |    220 |    439 |   2505 |   5 |  818.0 |
        Temple |    416 |    309 |    107 |    234 |      0 |   1 |  416.0 |
               +--------+--------+--------+--------+--------+-----+--------+

Top non-repeatable levels by time:
     D:1: 1211 daAuts
     D:4: 1167 daAuts
     D:3: 860 daAuts
     D:2: 730 daAuts
  Temple: 416 daAuts
     D:5: 120 daAuts
